 Dungeon Crawl Stone Soup version 0.29.1-13-g9f3cf754e1 (webtiles) character file.

Game seed: 10096871098742952202

18 FexLirch the Trooper (level 2, 0/24 HPs)
             Began as a Formicid Abyssal Knight on Jan 28, 2023.
             Was a Believer of Lugonu.
             Slain by an adder (4 damage)
             ... on level 2 of the Dungeon.
             The game lasted 00:00:59 (1031 turns).

FexLirch the Trooper (Formicid Abyssal Knight)      Turns: 1031, Time: 00:01:00

Health: 0/24       AC:  3    Str: 17    XL:     2   Next: 85%
Magic:  4/4        EV: 11    Int:  9    God:    Lugonu [**....]
Gold:   75         SH:  0    Dex: 14    Spells: 1/1 levels left

rFire   . . .      SeeInvis +   a - +1 spear
rCold   . . .      Faith    .   (no shield)
rNeg    . . .      Spirit   .   b - +0 leather armour
rPois   .          Reflect  .   (helmet unavailable)
rElec   .          Harm     .   (no cloak)
rCorr   .          Rampage  .   (no gloves)
Will    .....                   (no boots)
Stlth   +.........              (no amulet)
HPRegen 0.08/turn               (no ring)
MPRegen 0.09/turn               (no ring)

@: no status effects
A: permanent stasis, dig shafts and tunnels, antennae 3, four strong arms
a: Dig, Shaft Self, Renounce Religion, Depart the Abyss, Bend Space


You were on level 2 of the Dungeon.
You worshipped Lugonu.
Lugonu was pleased with you.
You visited 1 branch of the dungeon, and saw 2 of its levels.
You visited the Abyss 1 time.

You collected 75 gold pieces.

Inventory:

Hand Weapons
 a - a +1 spear (weapon)
Armour
 b - a +0 leather armour (worn)
Scrolls
 d - 2 scrolls of enchant armour {unknown}
 f - a scroll of poison {unknown}
 h - 2 scrolls of blinking {unknown}
Potions
 c - a potion of ambrosia {unknown}
 e - a potion of mutation {unknown}
 g - a potion of degeneration {unknown}


   Skills:
 - Level 3.2 Fighting
 * Level 2.8 Polearms
 - Level 2.1 Armour
 - Level 0.8 Dodging
 + Level 2.7 Invocations


You had one spell level left.
You didn't know any spells.
Your spell library contained the following spells:

 Spells                   Type           Power      Damage    Failure   Level
 Lesser Beckoning         Tloc           0%         N/A       82%         3
 Portal Projectile        Hex/Tloc       0%         N/A       82%         3
 Tukima's Dance           Hex            0%         N/A       82%         3
 Blade Hands              Tmut           0%         N/A       100%        5
 Manifold Assault         Tloc           0%         N/A       100%        5
 Blink                    Tloc           Unusable   N/A       N/A         2

Dungeon Overview and Level Annotations

Branches:
Dungeon (2/15)

Altars:


Innate Abilities, Weirdness & Mutations

You cannot be hasted, slowed, berserked, paralysed or teleported.
You can dig through walls and to a lower floor.
You have a pair of large antennae on your head. (SInv)
Your four strong arms can wield two-handed weapons with a shield.


Message History

You closely miss the adder.
The adder is moderately wounded.
You feel sick. The adder barely misses you. The adder bites you.
An adder is nearby!
You closely miss the adder.
The adder is moderately wounded.
You feel sick. The adder barely misses you.
An adder is nearby!
You hit the adder but do no damage.
The adder is moderately wounded.
You feel sick. The adder bites you.
You barely miss the adder.
The adder is moderately wounded.
You feel sick. The adder bites you.
You miss the adder.
The adder is moderately wounded.
You feel sick. The adder bites you.
You hit the adder.
The adder is heavily wounded.
You feel sick.
You are no longer poisoned.
The adder bites you but does no damage. The adder barely misses you.
You closely miss the adder.
The adder is heavily wounded.
The adder closely misses you.
You miss the adder.
The adder is heavily wounded.
The adder bites you.
* * * LOW HITPOINT WARNING * * *
You hit the adder but do no damage.
The adder is heavily wounded.
The adder barely misses you.
You barely miss the adder.
The adder is heavily wounded.
The adder bites you.
* * * LOW HITPOINT WARNING * * *
You closely miss the adder.
The adder is heavily wounded.
The adder bites you but does no damage. The adder bites you.
You die...

####### #.....#
#.....#
#...!.######
#..........#
+...S@.....+
#?.........####
#.....##.###..
#.....##...#.#
#.....###..#.#
#...!.#.P♣...#
#######.P♣...#
....P♣.P.##
♣..P.♣♣...###


You could see an adder.

Vanquished Creatures
  A dart slug (D:1)
  2 ball pythons (D:1)
  3 bats
  2 endoplasms (D:1)
  2 giant cockroaches (D:1)
  A hobgoblin (D:1)
  A frilled lizard (D:2)
  A kobold (D:1)
  2 rats (D:1)
15 creatures vanquished.

Vanquished Creatures (others)
  A plant (D:2)
1 creature vanquished.

Grand Total: 16 creatures vanquished

Notes
Turn   | Place    | Note
-------+----------+-------------------------------------------
     0 | Abyss:1  | FexLirch the Formicid Abyssal Knight began the quest for
                  | the Orb.
     0 | Abyss:1  | Reached XP level 1. HP: 18/18 MP: 2/2
     1 | D:1      | Escaped the Abyss
   135 | D:1      | Reached XP level 2. HP: 24/24 MP: 3/3
   182 | D:1      | Found a faded altar of an unknown god.
  1031 | D:2      | Slain by an adder

Illustrated notes

Levels and vault maps discovered:
D:1:      sevenhm_arrival_forest_fort_small_3, layout_basic,
          hellmonk_ecumenical_altar_arch_garden, minmay_tromino_v4_b
D:2:      layout_basic, serial_forest, infiniplex_forest_lined_ring,
          infiniplex_forest_end_2, infiniplex_forest_straight_2,
          infiniplex_forest_end_2, infiniplex_forest_end_3,
          infiniplex_forest_clump_double, infiniplex_forest_corner_1,
          infiniplex_forest_clump_tiny, minmay_pentomino_pile,
          uniq_crazy_yiuf_cottage

Action                   || total
-------------------------++-------
Melee: Spear             ||    65
 Stab: Sleeping          ||     2
Armor: Leather armour    ||    11
Dodge: Dodged            ||    35
